 Dungeon Crawl Stone Soup version 0.28-a0-1506-g3893175d92 (webtiles) character file.

Game seed: 14381019573322438959

1771 tatocazan the Basher (level 9, 0/57 HPs)
             Began as a Gargoyle Fighter on Jan 13, 2022.
             Slain by a yak (11 damage)
             ... on level 6 of the Dungeon.
             The game lasted 00:05:21 (5463 turns).

tatocazan the Basher (Gargoyle Fighter)             Turns: 5463, Time: 00:05:21

Health: 0/57       AC: 16    Str: 25    XL:     9   Next: 7%
Magic:  9/9        EV:  9    Int:  8    God:
Gold:   283        SH:  4    Dex:  9    Spells: 8/8 levels left

rFire   + . .      SeeInvis .   j - +2 hand axe (freeze)
rCold   + . .      Faith    .   c - +0 buckler
rNeg    + . .      Spirit   .   b - +0 scale mail
rPois   ∞          Reflect  .   n - +1 hat
rElec   +          Harm     .   (no cloak)
rCorr   +          Rampage  .   f - +0 pair of gloves
Will    +....                   (no boots)
Stlth   ..........              (no amulet)
HPRegen 0.19/turn               p - ring of willpower
MPRegen 0.11/turn               (no ring)

@: resistant
A: sickness immunity, AC +6, negative energy resistance 1, electricity
resistance, torment resistance 1, petrification resistance
a: no special abilities


You were on level 6 of the Dungeon.
You visited 1 branch of the dungeon, and saw 6 of its levels.

You collected 283 gold pieces.

Inventory:

Hand Weapons
 a - a +0 flail
 j - a +2 hand axe of freezing (weapon)
Armour
 b - a +0 scale mail (worn)
 c - a +0 buckler (worn)
 f - a +0 pair of gloves (worn)
 n - a +1 hat (worn)
Jewellery
 h - a +6 ring of intelligence
 p - a ring of willpower (left hand)
 t - a ring of ice
Wands
 e - a wand of acid (6)
 q - a wand of digging (2)
Scrolls
 g - a scroll of silence {unknown}
 i - 4 scrolls of identify {unknown}
 k - a scroll of fear {unknown}
 o - a scroll of vulnerability {unknown}
 s - a scroll of noise {unknown}
 u - a scroll of summoning {unknown}


   Skills:
 + Level 7.0 Fighting
 * Level 8.3 Maces & Flails
 + Level 7.0 Armour
 - Level 3.2 Shields


You had 8 spell levels left.
You didn't know any spells.
Your spell library contained the following spells:

 Spells                   Type           Power      Damage    Failure   Level
 Apportation              Tloc           0%         N/A       77%         1
 Foxfire                  Conj/Fire      0%         2x1d4     77%         1
 Magic Dart               Conj           0%         1d3       77%         1
 Call Imp                 Summ           0%         N/A       88%         2
 Conjure Flame            Conj/Fire      0%         6-21      98%         3
 Inner Flame              Hex/Fire       0%         N/A       98%         3
 Mephitic Cloud           Conj/Pois/Air  0%         N/A       98%         3
 Tukima's Dance           Hex            0%         N/A       98%         3
 Flame Wave               Conj/Fire      0%         2d4       100%        4
 Passage of Golubria      Tloc           0%         N/A       100%        4
 Alistair's Intoxication  Tmut/Pois      0%         N/A       100%        5
 Yara's Violent Unravell  Hex/Tmut       0%         3d3       100%        5


Dungeon Overview and Level Annotations

Branches:
Dungeon (6/15)
 Temple: D:4-7

Altars:
Uskayaw

Shops:
D:6 =


Innate Abilities, Weirdness & Mutations

You are immune to sickness and miasma.
Your stone body is resilient. (AC +6)
You are immune to poison.
You resist negative energy. (rN+)
You are resistant to electric shocks. (rElec)
You are resistant to unholy torment.
You are immune to petrification.


Message History

The yak is heavily wounded.
You block the yak's attack.
You hit the yak but do no damage.
The yak is heavily wounded.
The yak gores you but does no damage.
You hear the drain falling apart.
You float gracefully downwards.
Splash!
You fall into the shallow water.
Moving in this stuff is going to be slow.
The yak gores you but does no damage. The yak barely misses you.
The yak gores you but does no damage.
The walls and floor vibrate strangely for a moment.
The yak gores you.
* * * LOW HITPOINT WARNING * * *
You take 1 damage, and have 7/57 hp.
The yak gores you but does no damage.
An adder comes into view.
The adder hisses angrily.
You slash the adder!
The adder seems to slow down.
You freeze the adder.
You kill the adder!
You hit the yak. You freeze the yak. The yak gores you but does no damage.
You see here an adder corpse.
You enter the shallow water.
Moving in this stuff is going to be slow.
The yak closely misses you. The yak barely misses you.
You enter the shallow water.
Moving in this stuff is going to be slow.
You feel better. The yak gores you!
* * * LOW HITPOINT WARNING * * *
You take 3 damage, and have 7/57 hp.
You feel better. The yak gores you!
* * * LOW HITPOINT WARNING * * *
You regained 4 hp, and now have 11/57 hp.
You completely miss the yak.
The yak is heavily wounded.
The yak gores you!
You die...

##................##.
.........Y...........
..........##......##.
.......#...#......#..
##.........#..#...#..
#######.###..##.....
##≈≈≈≈≈##.###.....#..
#≈#####≈#≈###..####..
#≈##@##≈#≈#....#####.
#.#Y#≈#≈#Y#.....##...
#†#Y#.#≈#Y#.....#..##
#†#.###.#Y##.........
#≈#.≈≈Y##≈##.........
#≈#######≈#..........
##≈≈YYYY≈##..........
#########...........
#..#........


You could see 2 yaks.

Vanquished Creatures
  Prince Ribbit (D:6)
  Sigmund (D:3)
  3 yaks (D:6)
  An ice beast (D:6)
  A sky beast (D:6)
  A necrophage (D:4)
  A phantom (D:6)
  A bullfrog (D:6)
  2 scorpions
  A howler monkey (D:5)
  A jelly (D:5)
  A centaur skeleton (D:4)
  A hound (D:5)
  2 iguanas (D:4)
  Jessica (D:2)
  An orc wizard (D:1)
  Natasha (D:4)
  A hound skeleton (D:5)
  4 gnolls (D:4)
  5 adders
  2 river rats (D:6)
  A dart slug (D:3)
  9 orcs
  4 ball pythons
  4 endoplasms
  3 giant cockroaches
  2 goblins
  8 hobgoblins
  4 jackals (D:1)
  3 quokkas
  6 bats
  7 frilled lizards
  9 kobolds
  6 rats
99 creatures vanquished.

Notes
Turn   | Place    | Note
-------+----------+-------------------------------------------
     0 | D:1      | tatocazan the Gargoyle Fighter began the quest for the Orb.
     0 | D:1      | Reached XP level 1. HP: 14/14 MP: 1/1
   276 | D:1      | Reached XP level 2. HP: 12/19 MP: 2/2
  1087 | D:1      | Reached XP level 3. HP: 23/23 MP: 3/3
  1658 | D:1      | Reached skill level 3 in Maces & Flails
  1658 | D:1      | Reached XP level 4. HP: 16/29 MP: 4/4
  2295 | D:2      | Noticed Jessica
  2301 | D:2      | Killed Jessica
  2680 | D:3      | Noticed Sigmund
  2698 | D:3      | Killed Sigmund
  2699 | D:3      | Reached skill level 4 in Maces & Flails
  2699 | D:3      | Reached XP level 5. HP: 3/34 MP: 5/5
  2699 | D:3      | Reached XP level 6. HP: 4/39 MP: 6/6
  3160 | D:3      | Found a hide-covered altar of Uskayaw.
  3710 | D:4      | Reached skill level 5 in Maces & Flails
  3936 | D:4      | Noticed a necrophage
  3950 | D:4      | Killed a necrophage
  3951 | D:4      | Reached skill level 5 in Fighting
  3951 | D:4      | Reached skill level 5 in Armour
  3951 | D:4      | Reached XP level 7. HP: 36/44 MP: 7/7
  4014 | D:4      | Noticed Natasha
  4023 | D:4      | Killed Natasha
  4446 | D:5      | Entered Level 5 of the Dungeon
  4460 | D:5      | Reached skill level 6 in Maces & Flails
  4857 | D:6      | Noticed a yak
  4857 | D:6      | Found Neorchugg's Jewellery Shoppe.
  4925 | D:6      | Reached XP level 8. HP: 47/51 MP: 8/8
  5040 | D:6      | Reached skill level 7 in Maces & Flails
  5175 | D:6      | Noticed Prince Ribbit
  5192 | D:6      | Killed Prince Ribbit
  5317 | D:6      | Noticed a yak
  5317 | D:6      | Noticed a yak
  5318 | D:6      | Noticed a yak
  5320 | D:6      | Noticed a yak
  5419 | D:6      | Killed a yak
  5426 | D:6      | Killed a yak
  5427 | D:6      | Reached skill level 8 in Maces & Flails
  5436 | D:6      | Killed a yak
  5437 | D:6      | Reached XP level 9. HP: 6/57 MP: 9/9
  5463 | D:6      | Slain by a yak

Illustrated notes

Levels and vault maps discovered:
D:1:      matt_arrival_refuge, layout_basic
D:2:      layout_basic, uniq_jessica
D:3:      layout_basic, nicolae_uskayaw_dance_hall, uniq_sigmund
D:4:      minmay_evil_eye, layout_loops_ring, uniq_natasha
D:5:      layout_rooms
D:6:      layout_cave_pools, minmay_temple_entry_statues_fountains,
          gup_sewer_entry_spiral, serial_shops, nicolae_shop_statue_plus,
          minmay_misc_feat_diagonals, chequers_hall_statues_corner_a,
          uniq_prince_ribbit1

Skill      XL: |  1  2  3  4  5  6  7  8 |
---------------+-------------------------+-----
Maces & Flails | 3 4 5 6 8 |  8.3
Fighting       | 4 5 7 |  7.0
Armour         | 4 5 7 |  7.0
Shields        | |  3.2

Action                   |  1- 3 |  4- 6 |  7- 9 || total
-------------------------+-------+-------+-------++-------
Melee: Flail             |   104 |    80 |       ||   184
       Hand axe          |       |    50 |   161 ||   211
  Use: Potion            |       |     1 |     6 ||     7
Armor: Scale mail        |    86 |    49 |   123 ||   258
Dodge: Dodged            |    52 |    63 |   104 ||   219
Block: Buckler           |    20 |    25 |    39 ||    84

Table legend: (Time is in decaauts)
 A = Elapsed time spent in this place.
 B = Non-inter-level travel time spent in this place.
 C = Inter-level travel time spent in this place.
 D = Time resting spent in this place.
 E = Time spent auto-exploring this place.
 F = Levels seen in this place.
 G = Mean time per level.
                   A        B        C        D        E       F      G
               +--------+--------+--------+--------+--------+-----+--------+
         Total |   5569 |   5486 |     83 |   1092 |   3429 |   6 |  928.2 |
       Dungeon |   5569 |   5486 |     83 |   1092 |   3429 |   6 |  928.2 |
               +--------+--------+--------+--------+--------+-----+--------+

Top non-repeatable levels by time:
     D:1: 1817 daAuts
     D:3: 1195 daAuts
     D:4: 798 daAuts
     D:2: 703 daAuts
     D:6: 614 daAuts
     D:5: 440 daAuts
